AoeStats
← BlackbaronFK

Scandinavia

513537726Analyzed
1v1 RM · 3d ago on Oct 14, 2026· 44m 51s· 2 players
Game mode
Random Map
Map size
Tiny (2 player)
Population
200
Speed
Normal
Resources
Standard
Victory
Conquest
Starting age
Dark Age
Ending age
Imperial Age
RankedLock teamsTeams togetherTeam positionsShared explorationLock speedFull tech treeHidden civsTurbo modeCheats
Victory
Defeat
🇺🇸 Vikings · United States
975
+16
vs
🇨🇱 Varangians · Chile
976
-16
Formidable Bacon
8:05 Loom
10:52 Feudal Age
10:56 Man-at-Arms
11:30 Double-Bit Axe
20:31 Castle Age
24:28 Horse Collar
26:22 Scale Barding Armor
26:30 Forging
28:28 Heavy Plow
28:47 Light Cavalry
34:48 Chain Barding Armor
40:22 Imperial Age
37:45 Gold Mining
38:04 Crossbowman
39:50 Arson
40:05 Squires
40:07 Scale Mail Armor
41:10 Iron Casting
41:38 Conscription
41:14 Elite Varangian Guard
43:28 Cavalier
45:32 Chain Mail Armor
BlackbaronFK
1:49 Loom
11:58 Feudal Age
13:11 Double-Bit Axe
15:02 Forging
15:26 Gold Mining
17:45 Castle Age
16:06 Fishing Lines
16:29 Fletching
16:40 Padded Archer Armor
18:46 Crossbowman
20:50 Stone Mining
21:03 Gillnets
25:34 Scale Mail Armor
25:23 Gambesons
28:21 Leather Archer Armor
28:24 Chain Mail Armor
28:44 Iron Casting
27:36 Pikeman
33:38 Scale Barding Armor
39:39 Bodkin Arrow
41:37 Iron Casting
42:07 Arson
Connection lost

Rejoining the realm…

Still unreachable

The connection could not be restored.

Session expired

The server has moved on; the page needs a fresh start.